[Event "Turkish Cup 2022"]
[Site "Sakarya"]
[Date "2022.03.28"]
[Round "6.3"]
[White "Sevgi, Volkan"]
[Black "Gulden, Egemen"]
[Result "1-0"]
[ECO "C25"]
[WhiteElo "2344"]
[BlackElo "2094"]
[Annotator "NA"]
[PlyCount "67"]
[EventDate "2022.03.25"]
[EventType "swiss"]
[EventCountry "TUR"]
[SourceTitle "playchess.com"]
[Source "ChessBase"]
[SourceQuality "1"]
[TimeControl "5400+30"]

1. e4 d6 2. Nc3 e5 3. g3 Nd7 4. Bg2 Ngf6 5. Nge2 c6 6. a4 a5 7. O-O Be7 8. d4 Qc7 9. h3 Nb6 10. f4 Nfd7 11. b3 O-O 12. Be3 f6 13. g4 Re8 14. Qe1 Nf8 15. Qf2 exf4 16. Nxf4 Ng6 17. d5 Nd7 18. Ne6 Qb8 19. g5 Nde5 20. Nxg7 Kxg7 21. gxf6+ Bxf6 22. Qxf6+ Kg8 23. Bh6 Qc7 24. Rad1 Ra7 25. dxc6 bxc6 26. Rxd6 Qb6+ 27. Kh1 Rf7 28. Nd5 Qc5 29. Rd8 Rxf6 30. Nxf6+ Kf7 31. Nxe8+ Nf3 32. Rxf3+ Ke7 33. Rxc8 Nh4 34. Bf8+ 1-0

[Event "Turkish Cup 2022"]
[Site "Sakarya"]
[Date "2022.03.28"]
[Round "6.4"]
[White "Ozsakallioglu, Okan"]
[Black "Gulbeyaz, Emir"]
[Result "1-0"]
[ECO "B90"]
[WhiteElo "2270"]
[BlackElo "2218"]
[Annotator "NA"]
[PlyCount "39"]
[EventDate "2022.03.25"]
[EventType "swiss"]
[EventCountry "TUR"]
[SourceTitle "playchess.com"]
[Source "ChessBase"]
[SourceQuality "1"]
[TimeControl "5400+30"]

1. e4 c5 2. Nf3 d6 3. d4 cxd4 4. Nxd4 Nf6 5. Nc3 a6 6. h3 e5 7. Nde2 h5 8. g3 Be6 9. Bg2 Nbd7 10. a4 Rc8 11. Be3 Be7 12. O-O O-O 13. a5 h4 14. gxh4 Nb8 15. Ng3 Nc6 16. Nd5 Bxd5 17. exd5 Nxa5 18. b3 b6 19. Nf5 Ne8 20. Bxb6 1-0

[Event "Turkish Cup 2022"]
[Site "Sakarya"]
[Date "2022.03.28"]
[Round "6.5"]
[White "Yaran, Siar"]
[Black "Temizer, Umut"]
[Result "1/2-1/2"]
[ECO "D31"]
[WhiteElo "2272"]
[BlackElo "1972"]
[Annotator "NA"]
[PlyCount "74"]
[EventDate "2022.03.25"]
[EventType "swiss"]
[EventCountry "TUR"]
[SourceTitle "playchess.com"]
[Source "ChessBase"]
[SourceQuality "1"]
[TimeControl "5400+30"]

1. c4 e6 2. Nc3 d5 3. d4 a6 4. cxd5 exd5 5. Bf4 c6 6. e3 Bd6 7. Bg3 Ne7 8. Bd3 Bf5 9. Nge2 O-O 10. O-O Bxg3 11. Nxg3 Bxd3 12. Qxd3 Nd7 13. Rad1 Qb6 14. Rfe1 Rfe8 15. e4 dxe4 16. Ncxe4 Qc7 17. Qf3 Nf8 18. h4 Ne6 19. Nh5 Nd5 20. Qg4 Kh8 21. Nd6 Qxd6 22. Rxe6 Qf8 23. Re5 f6 24. Ree1 Qf7 25. Ng3 Rxe1+ 26. Rxe1 Re8 27. Rxe8+ Qxe8 28. h5 g6 29. hxg6 hxg6 30. Ne4 Kh7 31. Nd6 Qe1+ 32. Kh2 Qe7 33. Qg3 b5 34. Qh4+ Kg7 35. Qg3 Kh7 36. Qh4+ Kg7 37. Qg3 Kf8 1/2-1/2

[Event "Turkish Cup 2022"]
[Site "Sakarya"]
[Date "2022.03.28"]
[Round "6.6"]
[White "Yurtseven, Melih"]
[Black "Baltaci, Ismail Tarik"]
[Result "1-0"]
[ECO "A49"]
[WhiteElo "2388"]
[BlackElo "2033"]
[Annotator "NA"]
[PlyCount "81"]
[EventDate "2022.03.25"]
[EventType "swiss"]
[EventCountry "TUR"]
[SourceTitle "playchess.com"]
[Source "ChessBase"]
[SourceQuality "1"]
[TimeControl "5400+30"]

1. d4 Nf6 2. Nf3 g6 3. g3 Bg7 4. Bg2 O-O 5. O-O d6 6. Nc3 Nbd7 7. a4 a5 8. b3 Re8 9. e4 e5 10. dxe5 dxe5 11. Qe2 c6 12. Rd1 Bf8 13. Ne1 Qc7 14. Qc4 Nb6 15. Qd3 Bg4 16. Nf3 Rad8 17. Qe2 Nbd7 18. h3 Be6 19. Bb2 Nc5 20. Rxd8 Rxd8 21. Re1 Nfd7 22. Ng5 h6 23. Nf3 Na6 24. Na2 Nac5 25. Nc1 Bg7 26. Rd1 Kh7 27. Nd3 Re8 28. Nh2 Nxd3 29. Qxd3 Qb6 30. Bc3 Bf8 31. Nf3 Bc5 32. Qe2 Qc7 33. Nh2 Be7 34. Ng4 b5 35. Qd2 Bg5 36. f4 exf4 37. gxf4 b4 38. Ba1 Bxf4 39. Qxd7 Be3+ 40. Kh1 Bxd7 41. Nf6+ 1-0

[Event "Turkish Cup 2022"]
[Site "Sakarya"]
[Date "2022.03.28"]
[Round "6.7"]
[White "Gunduz, Umut Erdem"]
[Black "Yavuz, Efe Metehan"]
[Result "0-1"]
[ECO "B33"]
[WhiteElo "2258"]
[BlackElo "2054"]
[Annotator "NA"]
[PlyCount "100"]
[EventDate "2022.03.25"]
[EventType "swiss"]
[EventCountry "TUR"]
[SourceTitle "playchess.com"]
[Source "ChessBase"]
[SourceQuality "1"]
[TimeControl "5400+30"]

1. e4 c5 2. Nf3 Nc6 3. d4 cxd4 4. Nxd4 Nf6 5. Nc3 e5 6. Ndb5 d6 7. Bg5 a6 8. Na3 b5 9. Nd5 Be7 10. Bxf6 Bxf6 11. c4 b4 12. Nc2 a5 13. g3 O-O 14. h4 Be6 15. Bg2 a4 16. O-O Be7 17. Qd3 Rb8 18. b3 Bxd5 19. exd5 Na5 20. Rab1 axb3 21. axb3 Nb7 22. Ne3 Nc5 23. Qc2 g6 24. h5 Kg7 25. f4 exf4 26. gxf4 Bf6 27. f5 Re8 28. Rf3 Rxe3 29. Rxe3 Bd4 30. h6+ Kxh6 31. Qd2 Qh4 32. Kf1 Qf4+ 33. Ke2 Qxe3+ 34. Qxe3+ Bxe3 35. Kxe3 Ra8 36. Kf4 Kg7 37. Be4 g5+ 38. Kf3 Kf6 39. Rb2 Ra3 40. Bc2 Ra1 41. Bb1 h5 42. Kg3 Ra3 43. Bc2 Ke5 44. Kf3 Ra1 45. Bb1 Kd4 46. Rd2+ Kc3 47. Rd1 Kb2 48. Bc2 Rc1 49. Rxc1 Kxc1 50. Be4 f6 0-1

[Event "Turkish Cup 2022"]
[Site "Sakarya"]
[Date "2022.03.28"]
[Round "6.8"]
[White "Kilic, Eray"]
[Black "Isik, Alparslan"]
[Result "1-0"]
[ECO "B92"]
[WhiteElo "2088"]
[BlackElo "2328"]
[Annotator "NA"]
[PlyCount "41"]
[EventDate "2022.03.25"]
[EventType "swiss"]
[EventCountry "TUR"]
[SourceTitle "playchess.com"]
[Source "ChessBase"]
[SourceQuality "1"]
[TimeControl "5400+30"]

1. e4 c5 2. Nf3 d6 3. d4 cxd4 4. Nxd4 Nf6 5. Nc3 g6 6. Be3 a6 7. Be2 Bg7 8. O-O Nbd7 9. f4 b5 10. Bf3 Bb7 11. e5 Bxf3 12. Qxf3 dxe5 13. Nc6 e4 14. Nxe4 Qc7 15. Nxf6+ Bxf6 16. Nxe7 Nb6 17. Kh1 Qxe7 18. Qc6+ Nd7 19. Qxa8+ Qd8 20. Qxd8+ Bxd8 21. Rad1 1-0

[Event "Turkish Cup 2022"]
[Site "Sakarya"]
[Date "2022.03.28"]
[Round "6.10"]
[White "Caputcuoglu, Zeki Berke"]
[Black "Eren, Ataberk"]
[Result "0-1"]
[ECO "C47"]
[WhiteElo "2095"]
[BlackElo "2306"]
[Annotator "NA"]
[PlyCount "94"]
[EventDate "2022.03.25"]
[EventType "swiss"]
[EventCountry "TUR"]
[SourceTitle "playchess.com"]
[Source "ChessBase"]
[SourceQuality "1"]
[TimeControl "5400+30"]

1. e4 e5 2. Nf3 Nc6 3. Nc3 Nf6 4. a3 d5 5. Bb5 Nxe4 6. Qe2 Qd6 7. Nxe4 dxe4 8. Qxe4 Bd7 9. d4 f5 10. Qe2 e4 11. Bxc6 Bxc6 12. Ne5 Qe6 13. Bg5 Bd6 14. Qc4 Qd5 15. h4 O-O 16. Qxd5+ Bxd5 17. Bf4 Rfe8 18. O-O-O Re6 19. Be3 b5 20. Kb1 a5 21. Bc1 Rd8 22. Rhe1 h6 23. Nc6 Ra8 24. Ne5 Rd8 25. g4 fxg4 26. Nxg4 Rf8 27. Rg1 Kh7 28. Be3 b4 29. axb4 axb4 30. b3 Be7 31. h5 Rf5 32. Rh1 Ra6 33. Kb2 Bf7 34. Ne5 Bxh5 35. Ra1 Rxa1 36. Kxa1 c5 37. Nc6 Bf6 38. Kb1 Be8 39. d5 Rxd5 40. Na5 Bh5 41. Nc4 Bf3 42. Rg1 h5 43. Nd2 h4 44. Nxf3 exf3 45. Kc1 g5 46. Rg4 Kg6 47. Rg1 Kf5 0-1

[Event "Turkish Cup 2022"]
[Site "Sakarya"]
[Date "2022.03.28"]
[Round "6.12"]
[White "Ozcan, Ilker"]
[Black "Kilic, Efe Mert"]
[Result "1-0"]
[ECO "A18"]
[WhiteElo "2014"]
[BlackElo "2220"]
[Annotator "NA"]
[PlyCount "75"]
[EventDate "2022.03.25"]
[EventType "swiss"]
[EventCountry "TUR"]
[SourceTitle "playchess.com"]
[Source "ChessBase"]
[SourceQuality "1"]
[TimeControl "5400+30"]

1. c4 Nf6 2. Nc3 e6 3. e4 d5 4. cxd5 exd5 5. e5 d4 6. exf6 dxc3 7. Bb5+ Nc6 8. Qe2+ Be6 9. dxc3 Qxf6 10. Nf3 Bc5 11. Bg5 Qg6 12. Bd3 Qh5 13. h3 O-O 14. O-O-O Be7 15. Qe3 Rfe8 16. g4 Bxg5 17. Nxg5 Qh6 18. Bxh7+ Kh8 19. Rhe1 Re7 20. Bb1 Bc4 21. Qd2 Rxe1 22. Rxe1 f6 23. Ne4 Qxh3 24. Ng3 Qxg4 25. Re4 Qh3 26. Rxc4 Rd8 27. Re4 Kg8 28. Qe3 Kf7 29. Bc2 Qg2 30. b3 Ne5 31. Rd4 Rh8 32. Be4 Qh3 33. Rd1 Re8 34. f4 Qh6 35. Nf5 Qh2 36. fxe5 Qxa2 37. Bd5+ Kg6 38. Qg3+ 1-0

[Event "Turkish Cup 2022"]
[Site "Sakarya"]
[Date "2022.03.28"]
[Round "6.13"]
[White "Ozdemir, Serhan Berat"]
[Black "Koc, Ilkay"]
[Result "1-0"]
[ECO "B90"]
[WhiteElo "2185"]
[BlackElo "1995"]
[Annotator "NA"]
[PlyCount "95"]
[EventDate "2022.03.25"]
[EventType "swiss"]
[EventCountry "TUR"]
[SourceTitle "playchess.com"]
[Source "ChessBase"]
[SourceQuality "1"]
[TimeControl "5400+30"]

1. e4 c5 2. Nf3 d6 3. d4 cxd4 4. Nxd4 Nf6 5. Nc3 a6 6. f3 e5 7. Nb3 Be6 8. Be3 Be7 9. Qd2 O-O 10. O-O-O Nbd7 11. g4 b5 12. g5 b4 13. Ne2 Ne8 14. f4 a5 15. f5 a4 16. Nbd4 exd4 17. Nxd4 b3 18. Kb1 bxc2+ 19. Nxc2 Bb3 20. axb3 axb3 21. Na3 Ne5 22. Qg2 Qb8 23. h4 Ra4 24. Bd4 Bd8 25. Rh3 Qb4 26. h5 Bb6 27. Bxb6 Qxb6 28. Rg3 Qb4 29. Re3 Nc7 30. Rc1 Qb6 31. Qg3 Rb8 32. Rec3 Ne8 33. Qe3 Qb7 34. Re1 Rb4 35. h6 gxh6 36. gxh6 Kf8 37. Bg2 Qb6 38. Qg3 Qa6 39. Bf1 Qb7 40. Bg2 Qa6 41. f6 Qa5 42. Bh3 Ra8 43. Bf5 Nxf6 44. Rec1 Ra7 45. Qg7+ Ke7 46. Rc8 Ned7 47. Rg1 Qe5 48. Qxf7+ 1-0

[Event "Turkish Cup 2022"]
[Site "Sakarya"]
[Date "2022.03.28"]
[Round "6.14"]
[White "Kavri, Yusuf Eren"]
[Black "Zor, Alber Kadir"]
[Result "1/2-1/2"]
[ECO "D36"]
[WhiteElo "1886"]
[BlackElo "2147"]
[Annotator "NA"]
[PlyCount "34"]
[EventDate "2022.03.25"]
[EventType "swiss"]
[EventCountry "TUR"]
[SourceTitle "playchess.com"]
[Source "ChessBase"]
[SourceQuality "1"]
[TimeControl "5400+30"]

1. d4 d5 2. c4 e6 3. Nc3 c6 4. cxd5 exd5 5. Nf3 Nf6 6. Qc2 g6 7. Bg5 Be7 8. e3 Bf5 9. Bd3 Bxd3 10. Qxd3 Nbd7 11. O-O O-O 12. Rab1 a5 13. Qc2 Re8 14. a3 Ne4 15. Bxe7 Qxe7 16. Nxe4 dxe4 17. Nd2 a4 1/2-1/2

[Event "Turkish Cup 2022"]
[Site "Sakarya"]
[Date "2022.03.28"]
[Round "6.15"]
[White "Melik, Enes"]
[Black "Ererdem, Gani Eren"]
[Result "0-1"]
[ECO "A03"]
[WhiteElo "1592"]
[BlackElo "2134"]
[Annotator "NA"]
[PlyCount "108"]
[EventDate "2022.03.25"]
[EventType "swiss"]
[EventCountry "TUR"]
[SourceTitle "playchess.com"]
[Source "ChessBase"]
[SourceQuality "1"]
[TimeControl "5400+30"]

1. f4 d5 2. b3 Bg4 3. g3 Nc6 4. Bg2 e5 5. fxe5 Nxe5 6. Bb2 Qe7 7. d4 Ng6 8. Nc3 Nf6 9. Qd3 Qd7 10. O-O-O O-O-O 11. Bf3 Bb4 12. a3 Bxc3 13. Qxc3 Rhe8 14. h3 Bf5 15. g4 Be4 16. Rh2 Re6 17. Qd2 Rc6 18. c3 Rb6 19. b4 Qd6 20. Rf2 h6 21. Rdf1 Re8 22. g5 hxg5 23. Qxg5 Bxf3 24. exf3 Nf4 25. Kc2 N6h5 26. Bc1 Qg6+ 27. Qxg6 Rxg6 28. Bxf4 Nxf4 29. Kd2 Rxg1 30. Rxg1 Nxh3 31. Rfg2 Nxg1 32. Rxg1 g6 33. Rh1 Kd7 34. Kd3 Ke7 35. Ke3 Kf6+ 36. Kf2 Kf5 37. a4 a6 38. Rh2 g5 39. Rh7 Kg6 40. Rh1 Re6 41. Rc1 Rc6 42. a5 Kf5 43. Kg3 Re6 44. Kf2 Kf4 45. c4 Rc6 46. c5 Re6 47. Rc3 c6 48. Rd3 f5 49. Rb3 g4 50. Rd3 g3+ 51. Kg2 Re2+ 52. Kg1 Re3 53. Rd1 Kxf3 54. Rf1+ Kg4 0-1

[Event "Turkish Cup 2022"]
[Site "Sakarya"]
[Date "2022.03.28"]
[Round "6.16"]
[White "Tarhan, Adar"]
[Black "Daghan, Devran"]
[Result "0-1"]
[ECO "B12"]
[WhiteElo "2125"]
[BlackElo "1985"]
[Annotator "NA"]
[PlyCount "118"]
[EventDate "2022.03.25"]
[EventType "swiss"]
[EventCountry "TUR"]
[SourceTitle "playchess.com"]
[Source "ChessBase"]
[SourceQuality "1"]
[TimeControl "5400+30"]

1. e4 c6 2. d4 d5 3. e5 Bf5 4. Nf3 e6 5. Be2 Ne7 6. O-O Ng6 7. Ne1 h5 8. Be3 h4 9. Nd2 Be7 10. Nb3 Nd7 11. h3 O-O 12. f4 Rc8 13. Bd3 Bxd3 14. Nxd3 f5 15. exf6 Nxf6 16. Qe2 Bd6 17. Rae1 b6 18. Nd2 c5 19. c3 Qc7 20. Ne5 Ne7 21. Bf2 Nf5 22. Ng6 Rfe8 23. Qd3 cxd4 24. Nf3 dxc3 25. Rxe6 Rxe6 26. Qxf5 Ree8 27. bxc3 Qxc3 28. Nfxh4 Bc5 29. Ne5 Bxf2+ 30. Rxf2 Qe3 31. Ng4 Rc1+ 32. Kh2 Nxg4+ 33. hxg4 Rc5 34. Qh5 d4 35. g5 Qe4 36. Ng6 Rf5 37. Qh8+ Kf7 38. Qh7 Re6 39. Nh8+ Ke8 40. Ng6 Kd8 41. Qxg7 d3 42. Qh8+ Kc7 43. Qg8 Re8 44. Qb3 Rd5 45. Ne5 Qd4 46. Rf3 d2 47. Qc2+ Rc5 48. Qh7+ Kc8 49. Qf5+ Kb7 50. Rd3 Rh8+ 51. Kg3 d1=Q 52. Rxd1 Qxd1 53. Qf7+ Rc7 54. Qf6 Qe1+ 55. Kg4 Qe2+ 56. Kg3 Rc3+ 57. Nf3 Rxf3+ 58. gxf3 Qh2+ 59. Kg4 Qh3# 0-1

[Event "Turkish Cup 2022"]
[Site "Sakarya"]
[Date "2022.03.28"]
[Round "6.17"]
[White "Isilak, Enes"]
[Black "Akin, Kadir"]
[Result "1-0"]
[ECO "E05"]
[WhiteElo "2125"]
[BlackElo "1964"]
[Annotator "NA"]
[PlyCount "131"]
[EventDate "2022.03.25"]
[EventType "swiss"]
[EventCountry "TUR"]
[SourceTitle "playchess.com"]
[Source "ChessBase"]
[SourceQuality "1"]
[TimeControl "5400+30"]

1. d4 d5 2. c4 e6 3. Nf3 Nf6 4. g3 Be7 5. Bg2 O-O 6. O-O dxc4 7. Qc2 a6 8. Qxc4 b5 9. Qc2 Bb7 10. Bd2 Be4 11. Qc1 Bb7 12. a3 Nbd7 13. Ba5 Nb6 14. Nbd2 Rc8 15. b4 Ne4 16. Nxe4 Bxe4 17. Bxb6 cxb6 18. Qe3 Qd5 19. Ne1 Bxg2 20. Nxg2 Bf6 21. Rad1 Rfd8 22. Nf4 Qc4 23. d5 exd5 24. Qxb6 Rc6 25. Qe3 Rcd6 26. Rd3 d4 27. Qf3 Qc6 28. Qg4 Qe4 29. Rc1 Be5 30. f3 Qb7 31. Rc5 Qe7 32. Kf1 g6 33. Ng2 f5 34. Qh4 Bf6 35. Qf4 Bg5 36. Qe5 Re6 37. Qc7 Rd7 38. Qc8+ Rd8 39. Qc7 Rd7 40. Qb8+ Kg7 41. Rc2 Rd8 42. Qc7 Rd7 43. Qc5 Red6 44. f4 Bf6 45. Ne1 Qe4 46. Nf3 Qe6 47. Qc8 Qe7 48. Qc5 Qe6 49. Ne5 Bxe5 50. Qxe5+ Qxe5 51. fxe5 Rd5 52. Rc6 Rxe5 53. Rxa6 Rde7 54. Rd2 Re3 55. Ra5 R7e5 56. Ra7+ Kf6 57. Rxh7 Rxa3 58. Rxd4 Ra2 59. Rd6+ Re6 60. Rxe6+ Kxe6 61. Rb7 Ke5 62. Rxb5+ Ke4 63. Rb8 Ra1+ 64. Kf2 Rh1 65. h4 Rh2+ 66. Kg1 1-0

[Event "Turkish Cup 2022"]
[Site "Sakarya"]
[Date "2022.03.28"]
[Round "6.18"]
[White "Sahin, Huseyin"]
[Black "Yazici, Ugur Doga"]
[Result "0-1"]
[ECO "A03"]
[WhiteElo "1788"]
[BlackElo "2195"]
[Annotator "NA"]
[PlyCount "66"]
[EventDate "2022.03.25"]
[EventType "swiss"]
[EventCountry "TUR"]
[SourceTitle "playchess.com"]
[Source "ChessBase"]
[SourceQuality "1"]
[TimeControl "5400+30"]

1. d4 d5 2. f4 Nf6 3. Nf3 g6 4. e3 Bg7 5. Bd3 c5 6. c3 O-O 7. O-O b6 8. Qe2 Bb7 9. Nbd2 Nc6 10. Ne5 e6 11. b3 Ne7 12. Bb2 Rc8 13. Rac1 Rc7 14. a4 Ne4 15. Nxe4 dxe4 16. Bb1 Qc8 17. c4 h5 18. dxc5 bxc5 19. g4 f6 20. gxh5 fxe5 21. hxg6 Nxg6 22. Qg4 Qe8 23. h4 exf4 24. Ba3 Ne5 25. Qh3 Qg6+ 26. Kh1 Qg4 27. Qxg4 Nxg4 28. Rxf4 Bd4 29. Kg2 Rxf4 30. exf4 Rg7 31. Re1 e3+ 32. Kf1 Bf3 33. Bc1 Nh2# 0-1

[Event "Turkish Cup 2022"]
[Site "Sakarya"]
[Date "2022.03.28"]
[Round "6.19"]
[White "Bacak, Muhammed Kaan"]
[Black "Karadag, Eflatun Cem"]
[Result "1/2-1/2"]
[ECO "C41"]
[WhiteElo "2155"]
[BlackElo "1800"]
[Annotator "NA"]
[PlyCount "88"]
[EventDate "2022.03.25"]
[EventType "swiss"]
[EventCountry "TUR"]
[SourceTitle "playchess.com"]
[Source "ChessBase"]
[SourceQuality "1"]
[TimeControl "5400+30"]

1. e4 d6 2. d4 Nf6 3. Nc3 e5 4. Nf3 Nbd7 5. Bc4 Be7 6. O-O O-O 7. a4 a5 8. h3 c6 9. Re1 Nb6 10. Ba2 Nfd7 11. Be3 exd4 12. Nxd4 Nc5 13. Qh5 Bf6 14. Nf3 g6 15. Qh6 Ne6 16. Bxe6 Bxe6 17. Bg5 Nc4 18. Qh4 Bxg5 19. Nxg5 h5 20. Qf4 Kg7 21. b3 Ne5 22. Rad1 Qe7 23. Qe3 f6 24. Nxe6+ Qxe6 25. Rd2 Nf7 26. Ne2 Rfe8 27. Nf4 Qe5 28. h4 Rad8 29. Qg3 Nh8 30. Re3 Kh6 31. c4 Rg8 32. Qf3 Nf7 33. Rd1 Kg7 34. Ne2 Qe7 35. Qg3 Ne5 36. Nd4 Kf7 37. Ree1 Ng4 38. Nf3 Rge8 39. Qf4 Kg7 40. Qd2 Qc7 41. Qc3 Qb6 42. Qb2 Kf7 43. Re2 Qc5 44. Rde1 Re7 1/2-1/2

[Event "Turkish Cup 2022"]
[Site "Sakarya"]
[Date "2022.03.28"]
[Round "6.20"]
[White "Tahaoglu, Erkin"]
[Black "Kul, Ozdemir Efe"]
[Result "1-0"]
[ECO "B30"]
[WhiteElo "1694"]
[BlackElo "2042"]
[Annotator "NA"]
[PlyCount "113"]
[EventDate "2022.03.25"]
[EventType "swiss"]
[EventCountry "TUR"]
[SourceTitle "playchess.com"]
[Source "ChessBase"]
[SourceQuality "1"]
[TimeControl "5400+30"]

1. e4 c5 2. Nf3 Nc6 3. Nc3 e5 4. Bc4 g6 5. d3 h6 6. h4 d6 7. Nd2 Bg7 8. Nf1 Nge7 9. Ne3 O-O 10. h5 g5 11. g4 Be6 12. Ncd5 Bxd5 13. Nxd5 Nxd5 14. Bxd5 Rb8 15. a4 Ne7 16. Bb3 d5 17. Qf3 dxe4 18. dxe4 Nc6 19. c3 Qe7 20. O-O Rbd8 21. Be3 b6 22. Rad1 Na5 23. Bd5 c4 24. Qe2 Rc8 25. Qc2 Rc7 26. Kg2 Rfc8 27. Ra1 Bf8 28. f3 Qf6 29. Bf2 Bd6 30. Bg3 Kg7 31. Kh3 Qe7 32. Rae1 Qe8 33. Rd1 Bc5 34. Qh2 f6 35. f4 gxf4 36. Bxf4 exf4 37. Qxf4 Qe5 38. Qd2 Qg5 39. Qg2 Be7 40. Rf5 Qe3+ 41. Rf3 Qg5 42. Rdf1 Kh8 43. Rf5 Qg7 44. e5 Rf8 45. Qf3 Bc5 46. exf6 Qh7 47. Be4 Qd7 48. Qf4 Rf7 49. Qxh6+ Rh7 50. Qf4 Bf8 51. f7 Qe7 52. Rf6 Rc5 53. Bxh7 Kxh7 54. g5 Qe5 55. g6+ Kh8 56. g7+ Bxg7 57. Rh6+ 1-0

[Event "Turkish Cup 2022"]
[Site "Sakarya"]
[Date "2022.03.28"]
[Round "6.21"]
[White "Korkmaz, Necmettin"]
[Black "Gok, Emre"]
[Result "1-0"]
[ECO "B22"]
[WhiteElo "2076"]
[BlackElo "1745"]
[Annotator "NA"]
[PlyCount "63"]
[EventDate "2022.03.25"]
[EventType "swiss"]
[EventCountry "TUR"]
[SourceTitle "playchess.com"]
[Source "ChessBase"]
[SourceQuality "1"]
[TimeControl "5400+30"]

1. e4 c5 2. Nf3 e6 3. c3 d5 4. exd5 exd5 5. d4 cxd4 6. Bb5+ Nc6 7. Nxd4 Bd7 8. O-O Bd6 9. Re1+ Nge7 10. Be3 O-O 11. Nd2 Ng6 12. Bf1 Nge5 13. Nb5 Bb8 14. g3 a6 15. Nd4 Ng4 16. Nxc6 bxc6 17. Bc5 Ba7 18. Nb3 Qf6 19. Qd4 Qxd4 20. cxd4 Bxc5 21. Nxc5 Bf5 22. Bxa6 Nf6 23. Bb7 Rab8 24. b3 Ne4 25. Nxe4 Bxe4 26. Bxc6 Rb4 27. a4 Rxb3 28. a5 Rc3 29. Rec1 Rxc1+ 30. Rxc1 Bd3 31. Bb7 h5 32. a6 1-0

[Event "Turkish Cup 2022"]
[Site "Sakarya"]
[Date "2022.03.28"]
[Round "6.22"]
[White "Gulsoy, Mustafa Alpago"]
[Black "Sezis, Doruk"]
[Result "1-0"]
[ECO "B22"]
[WhiteElo "2023"]
[BlackElo "1566"]
[Annotator "NA"]
[PlyCount "89"]
[EventDate "2022.03.25"]
[EventType "swiss"]
[EventCountry "TUR"]
[SourceTitle "playchess.com"]
[Source "ChessBase"]
[SourceQuality "1"]
[TimeControl "5400+30"]

1. e4 c5 2. c3 d5 3. exd5 Nf6 4. Nf3 Nxd5 5. d4 cxd4 6. Nxd4 e6 7. Be2 Bd6 8. Nb5 O-O 9. Nxd6 Qxd6 10. c4 Qb4+ 11. Qd2 Qxd2+ 12. Bxd2 Nf6 13. Nc3 Bd7 14. O-O-O Bc6 15. f3 Nbd7 16. Be3 Rac8 17. Rd6 Ne8 18. Rd2 f5 19. Rhd1 Nef6 20. b4 a6 21. Kb2 Ne5 22. Rd6 Rfe8 23. a4 b5 24. cxb5 axb5 25. Bd4 Nc4+ 26. Bxc4 bxc4 27. b5 Bd5 28. a5 Kf7 29. Bxf6 gxf6 30. Rd7+ Kg6 31. a6 f4 32. b6 Rc6 33. Rb7 Rc5 34. Rc7 Rxc7 35. bxc7 Rc8 36. Rxd5 exd5 37. Nxd5 c3+ 38. Kc2 Kf7 39. a7 Ra8 40. Nb6 Rxa7 41. c8=Q Ra2+ 42. Kxc3 Rxg2 43. Qh3 Rg7 44. Nd5 Rg5 45. Qd7+ 1-0

[Event "Turkish Cup 2022"]
[Site "Sakarya"]
[Date "2022.03.28"]
[Round "6.23"]
[White "Topuz, Mirac Melih"]
[Black "Maruflu, Enes Yusuf"]
[Result "0-1"]
[ECO "D02"]
[WhiteElo "1515"]
[BlackElo "1945"]
[Annotator "NA"]
[PlyCount "60"]
[EventDate "2022.03.25"]
[EventType "swiss"]
[EventCountry "TUR"]
[SourceTitle "playchess.com"]
[Source "ChessBase"]
[SourceQuality "1"]
[TimeControl "5400+30"]

1. d4 d5 2. Bf4 Nf6 3. e3 c5 4. c3 Nc6 5. Nf3 Qb6 6. Qb3 c4 7. Qxb6 axb6 8. Nbd2 b5 9. Ne5 b4 10. Nxc6 bxc6 11. cxb4 e6 12. e4 Bxb4 13. e5 Nd7 14. Be3 O-O 15. Be2 c5 16. dxc5 c3 17. bxc3 Bxc3 18. Rc1 d4 19. Bf4 Rxa2 20. Bc4 Rb2 21. Rd1 Rb4 22. Bf1 Nxc5 23. f3 Rb2 24. Bc4 Rc2 25. Bb5 Bd7 26. Bxd7 Nd3+ 27. Kf1 Nxf4 28. Nc4 Ra8 29. Rb1 h5 30. Bc6 Ra1 0-1

[Event "Turkish Cup 2022"]
[Site "Sakarya"]
[Date "2022.03.28"]
[Round "6.24"]
[White "Akgun, Yusuf"]
[Black "Canbulan, Arda"]
[Result "0-1"]
[ECO "C58"]
[WhiteElo "1561"]
[BlackElo "1867"]
[Annotator "NA"]
[PlyCount "66"]
[EventDate "2022.03.25"]
[EventType "swiss"]
[EventCountry "TUR"]
[SourceTitle "playchess.com"]
[Source "ChessBase"]
[SourceQuality "1"]
[TimeControl "5400+30"]

1. e4 e5 2. Nf3 Nc6 3. Bc4 Nf6 4. Ng5 d5 5. exd5 Na5 6. Bb5+ c6 7. dxc6 bxc6 8. Ba4 h6 9. Nf3 e4 10. Qe2 Be7 11. Ne5 Qd5 12. f4 exf3 13. Nxf3 O-O 14. Nc3 Qh5 15. O-O Re8 16. Qf2 Ng4 17. Qg3 Ba6 18. Rd1 Rad8 19. h3 Ne5 20. d4 Nxf3+ 21. Qxf3 Qxf3 22. gxf3 Rxd4 23. Be3 Rxd1+ 24. Rxd1 Nc4 25. Bc1 Bc5+ 26. Kg2 Re6 27. Ne4 Rg6+ 28. Kh1 Bb6 29. b3 Ne5 30. f4 Be2 31. Re1 Bf3+ 32. Kh2 Rg2+ 33. Kh1 Re2# 0-1

[Event "Turkish Cup 2022"]
[Site "Sakarya"]
[Date "2022.03.28"]
[Round "6.26"]
[White "Isik, Kadri"]
[Black "Bagci, Hikmet"]
[Result "1/2-1/2"]
[ECO "E01"]
[WhiteElo "1858"]
[BlackElo "1630"]
[Annotator "NA"]
[PlyCount "129"]
[EventDate "2022.03.25"]
[EventType "swiss"]
[EventCountry "TUR"]
[SourceTitle "playchess.com"]
[Source "ChessBase"]
[SourceQuality "1"]
[TimeControl "5400+30"]

1. d4 Nf6 2. c4 e6 3. g3 d5 4. Bg2 c6 5. Nf3 Bd6 6. O-O O-O 7. Nc3 Nbd7 8. Qc2 Re8 9. Rd1 Qe7 10. Bg5 h6 11. Bxf6 Nxf6 12. e4 dxe4 13. Nxe4 Nxe4 14. Qxe4 Bd7 15. Ne5 Rad8 16. Bf1 f5 17. Qe3 Bc8 18. c5 Bxe5 19. dxe5 Rd5 20. b4 Red8 21. Be2 Qc7 22. Kg2 Kh7 23. f4 Qd7 24. Kf2 Qe7 25. Bf3 Rxd1 26. Rxd1 Rxd1 27. Bxd1 g6 28. Qd4 Kg7 29. Bf3 Qd7 30. Qd6 a6 31. Ke3 h5 32. Kd4 Kf7 33. a4 Ke8 34. b5 axb5 35. axb5 cxb5 36. c6 Qxd6+ 37. exd6 bxc6 38. Bxc6+ Bd7 39. Kc5 b4 40. Bf3 b3 41. Be2 b2 42. Bd3 Ba4 43. Kb4 Bc6 44. Kc3 Kd7 45. Kxb2 Kxd6 46. Kc3 e5 47. fxe5+ Kxe5 48. Kd2 Kd4 49. Ke2 Bd5 50. Bb1 Be4 51. Ba2 Bd5 52. Bb1 Be6 53. h4 Bd5 54. Bc2 Bf7 55. Kf3 Ke5 56. Ba4 Bd5+ 57. Ke3 Bf7 58. Bb5 Bb3 59. Be8 Kf6 60. Kf4 Bf7 61. Bc6 Bc4 62. Be8 Be2 63. Bc6 Bd3 64. Be8 Be4 65. Bb5 1/2-1/2

[Event "Turkish Cup 2022"]
[Site "Sakarya"]
[Date "2022.03.28"]
[Round "6.29"]
[White "Filizci, Kivanc"]
[Black "Yasin, Hur"]
[Result "1-0"]
[ECO "B28"]
[WhiteElo "1658"]
[BlackElo "1931"]
[Annotator "NA"]
[PlyCount "93"]
[EventDate "2022.03.25"]
[EventType "swiss"]
[EventCountry "TUR"]
[SourceTitle "playchess.com"]
[Source "ChessBase"]
[SourceQuality "1"]
[TimeControl "5400+30"]

1. e4 c5 2. Nf3 a6 3. d4 cxd4 4. Nxd4 Nf6 5. Nc3 e5 6. Nb3 Bb4 7. Bd3 d5 8. exd5 Nxd5 9. Bd2 Nxc3 10. Bxc3 Bxc3+ 11. bxc3 Qc7 12. O-O O-O 13. Re1 Qxc3 14. Qh5 f5 15. Re3 g6 16. Qe2 Qc7 17. Rxe5 Nc6 18. Re8 Bd7 19. Bc4+ Kh8 20. Rxa8 Rxa8 21. Qd2 Re8 22. Re1 Rxe1+ 23. Qxe1 Kg7 24. Nc5 Bc8 25. Ne6+ Bxe6 26. Qxe6 Qe7 27. Qg8+ Kf6 28. g3 Nb4 29. Qh8+ Kg5 30. Qd4 Kh6 31. Qd2+ Kg7 32. Qc3+ Kh6 33. Qd2+ g5 34. h4 Nc6 35. hxg5+ Qxg5 36. Qd6+ Qg6 37. Qf8+ Kg5 38. f4+ Kg4 39. Kg2 Nd4 40. Qc5 Qh6 41. Qxd4 Qh3+ 42. Kf2 Qxg3+ 43. Ke2 Qf3+ 44. Ke1 Qg3+ 45. Ke2 Qg2+ 46. Kd1 Qh1+ 47. Kd2 1-0